 Dungeon Crawl Stone Soup version 0.31.0-12-g77e489cdc1 (webtiles) character file.

Game seed: 11208831374050874251

173 Doomgape the Trooper (level 5, -8/47 HPs)
             Began as a Minotaur Fighter on Mar 7, 2024.
             Mangled by Duvessa
             ... wielding a +0 short sword of speed
              (11 damage)
             ... on level 4 of the Dungeon.
             The game lasted 00:05:41 (2307 turns).

Doomgape the Trooper (Minotaur Fighter)             Turns: 2307, Time: 00:05:42

Health: -8/47      AC:  7    Str: 22    XL:     5   Next: 28%
Magic:  4/4        EV:  9    Int:  5    God:
Gold:   58         SH:  4    Dex: 10    Spells: 4/4 levels left

rFire   . . .        a - +0 war axe
rCold   . . .        c - +0 buckler
rNeg    . . .        b - +0 scale mail
rPois   .            (helmet restricted)
rElec   .            (no cloak)
rCorr   .            (no gloves)
SInv    .            (no boots)
Will    .....        (no amulet) Stlth
                     (no ring)
HPRegen 0.27/turn    (no ring)
MPRegen 0.09/turn

%: no passive effects
@: no status effects
A: horns 2, retaliatory headbutt
a: no special abilities


You were on level 4 of the Dungeon.
You visited 1 branch of the dungeon, and saw 4 of its levels.

You collected 158 gold pieces.
You spent 100 gold pieces at shops.

Inventory:

Hand Weapons
 a - a +0 war axe (weapon)
Armour
 b - a +0 scale mail (worn)
 c - a +0 buckler (worn)
Wands
 g - a wand of flame (32)
Scrolls
 e - a scroll of identify {unknown}
 h - a scroll of teleportation {unknown}
 l - a scroll of vulnerability {unknown}
Potions
 d - 2 potions of might
 f - a potion of lignification {unknown}
 i - 2 potions of mutation {unknown}
 j - 2 potions of heal wounds
 k - 2 potions of brilliance {unknown}
 m - a potion of curing {unknown}
 n - a potion of enlightenment {unknown}


   Skills:
 + Level 4.8 Fighting
 + Level 4.0 Axes
 + Level 4.7 Armour
 + Level 4.8 Shields


You had 4 spell levels left.
You didn't know any spells.
Your spell library contained the following spells:

 Spells                   Type           Power      Damage    Failure   Level
 Sandblast                Erth           0%         2d4       85%         1
 Mercury Vapours          Alch/Air       0%         N/A       94%         2
 Mephitic Cloud           Conj/Alch/Air  0%         N/A       99%         3
 Passwall                 Erth           0%         N/A       99%         3
 Stone Arrow              Conj/Erth      0%         3d7       99%         3
 Animate Armour           Summ/Erth      0%         N/A       100%        4
 Brom's Barrelling Bould  Conj/Erth      0%         2d3       100%        4
 Freezing Cloud           Conj/Ice/Air   0%         6-21      100%        5
 Lehudib's Crystal Spear  Conj/Erth      0%         10d2      100%        8


Dungeon Overview and Level Annotations

Branches:
Dungeon (4/15)
 Temple: D:4-7

Altars:

Shops:
D:3 !

Annotations:
D:4 Duvessa


Innate Abilities, Weirdness & Mutations

You have a pair of horns on your head.
You reflexively headbutt those who attack you in melee.


Message History

Unknown command.
You feel much better.
Duvessa hits you with a +0 short sword of speed!
Dowan hits you but does no damage.
Duvessa hits you with a +0 short sword of speed.
Unknown command.
You slash Dowan!
Dowan is almost dead.
You hit Duvessa.
Duvessa hits you with a +0 short sword of speed!
Duvessa hits you with a +0 short sword of speed.
Dowan hits you but does no damage.
Duvessa says, "My weaknesses are his strengths!"
You block Duvessa's attack. Dowan barely misses you. You furiously retaliate!
You headbutt Dowan!
You kill Dowan!
Duvessa weeps, and shakes her weapon.
Duvessa goes berserk!
Your Axes skill increases to level 4!
You have reached level 5!
You slash Duvessa!
Duvessa is severely wounded.
Duvessa hits you with a +0 short sword of speed.
* * * LOW HITPOINT WARNING * * *
Duvessa hits you with a +0 short sword of speed.
* * * LOW HITPOINT WARNING * * *
Duvessa hits you with a +0 short sword of speed.
* * * LOW HITPOINT WARNING * * *
You feel much better.
Duvessa hits you with a +0 short sword of speed!
You block Duvessa's attack.
Unknown command.
You barely miss Duvessa.
Duvessa is severely wounded.
Duvessa hits you with a +0 short sword of speed!
* * * LOW HITPOINT WARNING * * *
Duvessa hits you with a +0 short sword of speed!
* * * LOW HITPOINT WARNING * * *
Duvessa hits you with a +0 short sword of speed!
You die...

### ... .># #
#### #.#.#
.....####.#.#
#.^.........#
#.##...<#.###
#.##.####.#
......)@.$#
#....##e#.#
#.. ...#.# #
#####.# ...
..# ..# .#


You could see Duvessa (berserk, fast).

Vanquished Creatures
  Dowan (D:4)
  6 adders
  4 dart slugs
  2 ribbon worms (D:2)
  4 ball pythons
  4 bats
  2 giant cockroaches
  4 goblins
  6 hobgoblins
  9 jackals
  4 kobolds
  3 quokkas
  8 frilled lizards
  3 rats (D:2)
60 creatures vanquished.

Notes
Turn   | Place    | Note
-------+----------+-------------------------------------------
     0 | D:1      | Doomgape the Minotaur Fighter began the quest for the Orb.
     0 | D:1      | Reached XP level 1. HP: 19/19 MP: 0/0
   146 | D:1      | Reached XP level 2. HP: 23/27 MP: 1/1
   839 | D:2      | Reached XP level 3. HP: 11/33 MP: 2/2
  1030 | D:2      | Reached XP level 4. HP: 35/40 MP: 3/3
  1385 | D:3      | Found Lejarph's Distillery.
  1394 | D:3      | Bought a potion of heal wounds for 50 gold pieces
  1394 | D:3      | Bought a potion of heal wounds for 50 gold pieces
  2295 | D:4      | Noticed Duvessa
  2295 | D:4      | Noticed Dowan
  2304 | D:4      | Killed Dowan
  2305 | D:4      | Reached XP level 5. HP: 18/47 MP: 4/4
  2307 | D:4      | Mangled by Duvessa

Illustrated notes

Levels and vault maps discovered:
D:1:      dpeg_arrival_connections, layout_basic
D:2:      layout_rooms, minmay_misc_feat_room, nicolae_kite_square_tiling_tiny
D:3:      layout_basic, serial_shops, shop
D:4:      layout_basic, uniq_duvessa

Skill      XL: |  1  2  3  4 |
---------------+-------------+-----
Fighting       | 4 |  4.8
Armour         | 4 |  4.7
Shields        | 4 |  4.8
Axes           | 3 4 |  4.0

Action                     |  1- 3 |  4- 6 || total
---------------------------+-------+-------++-------
  Melee: War axe           |    71 |    64 ||   135
         Headbutt          |     5 |    11 ||    16
    Use: Potion            |       |     2 ||     2
 Armour: Scale mail        |    66 |    61 ||   127
  Dodge: Dodged            |    39 |    35 ||    74
  Block: Buckler           |    22 |     7 ||    29
